 Dungeon Crawl Stone Soup version 0.25.1-2-g60ff931df9 (webtiles) character file.

Game seed: 17233063023552817855

396 DildoBatman the Conjurer (level 7, -3/46 HPs)
             Began as a Formicid Wizard on Oct 17, 2020.
             Was an Initiate of Kikubaaqudgha.
             Slain by Menkaure (15 damage)
             ... on level 5 of the Dungeon.
             The game lasted 00:14:42 (5217 turns).

DildoBatman the Conjurer (Formicid Wizard)          Turns: 5217, Time: 00:14:43

Health: -3/46      AC:  4    Str: 11    XL:     7   Next: 9%
Magic:  3/11       EV: 12    Int: 20    God:    Kikubaaqudgha [......]
Gold:   130        SH:  0    Dex:  9    Spells: 5/12 levels left

rFire    . . .     SeeInvis +   a - +0 hunting sling
rCold    . . .     Gourm    .   (no shield)
rNeg     + . .     Faith    .   p - +0 animal skin
rPois    .         Spirit   .   (helmet unavailable)
rElec    .         Reflect  .   (no cloak)
rCorr    .         Harm     .   r - +0 pair of gloves
MR       .....                  D - +0 pair of boots (curse)
Stlth    ++........             (no amulet)
HPRegen  0.15/turn              h - ring of positive energy
MPRegen  0.12/turn              (no ring)

@: very slightly contaminated
A: permanent stasis, dig shafts and tunnels, four strong arms, antennae 3
a: Dig, Shaft Self, Renounce Religion


You were on level 5 of the Dungeon.
You worshipped Kikubaaqudgha.
Kikubaaqudgha was noncommittal.
You were not hungry.

You visited 2 branches of the dungeon, and saw 6 of its levels.
You also visited: Sewer.

You collected 249 gold pieces.
You spent 119 gold pieces at shops.

Inventory:

Hand Weapons
 a - a +0 hunting sling (weapon)
 d - a +1 vorpal flail
Missiles
 f - 33 arrows
 j - 15 bolts
 s - 16 poisoned darts
 y - 5 atropa-tipped darts
 G - a throwing net
 J - 126 stones (quivered)
Armour
 p - a +0 animal skin (worn)
 r - a +0 pair of gloves (worn)
 D - a cursed +0 pair of boots (worn)
Magical Staves
 b - an uncursed staff of poison
Jewellery
 h - a ring of positive energy (left hand)
Wands
 B - a wand of acid (9)
 F - a wand of polymorph (7)
Scrolls
 e - a scroll of fear {unknown}
 l - a scroll of immolation {unknown}
 o - a scroll of enchant armour {unknown}
 q - a scroll of amnesia {unknown}
 u - 3 scrolls of noise {unknown}
 x - 2 scrolls of remove curse
 z - 3 scrolls of identify
 C - a scroll of magic mapping
 M - 3 scrolls of enchant weapon {unknown}
Potions
 c - a potion of stabbing {unknown}
 g - a potion of heal wounds {unknown}
 i - a potion of haste {unknown}
 k - 2 potions of mutation {unknown}
 m - 3 potions of curing {unknown}
 n - a potion of lignification {unknown}
 t - a potion of resistance {unknown}
 w - a potion of cancellation {unknown}
 A - a potion of invisibility {unknown}
 E - a potion of magic {unknown}
 H - 4 potions of flight {unknown}
 I - a potion of ambrosia {unknown}
 K - a potion of might {unknown}
Comestibles
 v - 10 rations


   Skills:
 - Level 1.7 Dodging
 - Level 2.4 Stealth
 - Level 3.2 Spellcasting
 - Level 5.4 Conjurations
   Level 1.0 Summonings
   Level 0.8 Translocations
 * Level 2.0 Fire Magic
 * Level 1.5 Air Magic


You had 5 spell levels left.
You knew the following spells:

 Your Spells              Type           Power        Failure   Level  Hunger
a - Conjure Flame         Conj/Fire      ###.....     9%          3    ###....
c - Magic Dart            Conj           ####         1%          1    None
e - Mephitic Cloud        Conj/Pois/Air  ##......     16%         3    ###....

Your spell library contained the following spells:

 Spells                   Type           Power        Failure   Level  Hunger
 Foxfire                  Conj/Fire      ###.         3%          1    None
 Call Imp                 Summ           #.......     14%         2    ##.....
 Slow                     Hex            #.......     22%         2    ##.....
 Inner Flame              Hex/Fire       #.......     28%         3    ###....
 Sticky Flame             Conj/Fire      ###.....     30%         4    ####...
 Fireball                 Conj/Fire      ###.......   63%         5    ######.
 Blink                    Tloc           Unusable     N/A         2    N/A

Dungeon Overview and Level Annotations

Branches:
Dungeon (5/15)             Temple (1/1) D:4           Sewer (visited)

Altars:
Ashenzari
Cheibriados
Dithmenos
Elyvilon
Fedhas
Gozag
Hepliaklqana
Kikubaaqudgha
Makhleb
Nemelex Xobeh
Okawaru
Qazlal
Ru
Sif Muna
Trog
Uskayaw
Wu Jian
Xom
Yredelemnul

Shops:
D:5 ?

Annotations:
D:5 Menkaure


Innate Abilities, Weirdness & Mutations

You cannot be hasted, slowed, berserked, paralysed or teleported.
You can dig through walls and to a lower floor.
Your four strong arms can wield two-handed weapons with a shield.
You have a pair of large antennae on your head. (SInv)


Message History

The magic dart hits Menkaure.
Menkaure is severely damaged.
Casting: Magic Dart (safe; 1% risk of failure)
Confirm with . or Enter, or press ? or * to list all spells.
Aiming: Magic Dart (safe; 1% risk of failure)
Press: ? - help, Shift-Dir - straight line, f/p - Menkaure
Aim: Menkaure (severely damaged)
The magic dart hits Menkaure.
Menkaure is severely damaged.
Menkaure hits you!
Casting: Magic Dart (safe; 1% risk of failure)
Confirm with . or Enter, or press ? or * to list all spells.
Aiming: Magic Dart (safe; 1% risk of failure)
Press: ? - help, Shift-Dir - straight line, f/p - Menkaure
Aim: Menkaure (severely damaged)
The magic dart hits Menkaure.
Menkaure is almost destroyed.
Menkaure hits you!
You die...
Kikubaaqudgha rasps: "You have failed me!
Welcome... death!"

.......#######...#....##8...8#
.................#....##.....##
...................>..#_....._#
########...#<#...##.##.#.....##
# #.#.#.#+#.##.#.##8...8# #
#.#...........###.....#* #
#.####...#...###8.....8#
#....'.......# ##.....##
######...@...####8...8#
##.....M....####>### ######
##.#....#....####### .....#
##.###'###.........##
.....####.## #............**
.....#....# ######......#*
.....#....## #..(...#
<....#.....# #......#
.....#.....# #......#


You could see Menkaure.

Vanquished Creatures
  A crocodile (Sewer)
  A bullfrog zombie (D:5)
  An orc priest (D:4)
  3 orc wizards (D:4)
  An iguana (D:5)
  2 worker ants (D:4)
  Robin (D:2)
  An ooze (D:4)
  An adder zombie (D:4)
  An adder skeleton (D:5)
  2 leopard geckos
  5 orcs (D:4)
  8 bats
  4 giant cockroaches
  14 goblins
  9 hobgoblins
  5 jackals
  3 quokkas
  2 ball pythons
  5 frilled lizards
  7 kobolds
  A leopard gecko skeleton (D:5)
  5 rats
83 creatures vanquished.

Notes
Turn   | Place    | Note
-------+----------+-------------------------------------------
     0 | D:1      | DildoBatman the Formicid Wizard began the quest for the
                  | Orb.
     0 | D:1      | Reached XP level 1. HP: 13/13 MP: 4/4
    30 | D:1      | Reached skill level 1 in Conjurations
   176 | D:1      | Reached XP level 2. HP: 19/19 MP: 0/6
   286 | D:1      | Reached skill level 2 in Conjurations
   761 | D:1      | Reached XP level 3. HP: 24/24 MP: 0/7
  2184 | D:3      | Found a snail-covered altar of Cheibriados.
  2332 | D:3      | Reached skill level 3 in Conjurations
  2505 | D:3      | Found an ornate altar of the Wu Jian Council.
  2833 | D:4      | Reached XP level 4. HP: 8/30 MP: 8/8
  2854 | D:4      | Learned a level 3 spell: Conjure Flame
  2858 | D:4      | Learned a level 3 spell: Mephitic Cloud
  3240 | D:4      | Reached skill level 4 in Conjurations
  3240 | D:4      | Reached XP level 5. HP: 34/35 MP: 5/9
  3501 | D:4      | Found a staircase to the Ecumenical Temple.
  3507 | Temple   | Entered the Ecumenical Temple
  3633 | Temple   | Became a worshipper of Kikubaaqudgha
  3761 | D:4      | Reached skill level 5 in Conjurations
  3761 | D:4      | Reached XP level 6. HP: 38/41 MP: 4/10
  4072 | D:2      | Noticed Robin
  4099 | D:2      | Killed Robin
  4236 | D:5      | Entered Level 5 of the Dungeon
  4236 | D:5      | Found Jackasin's Magic Scroll Shoppe.
  4263 | D:5      | Reached skill level 1 in Fire Magic
  4271 | D:5      | Bought a scroll of random uselessness for 15 gold pieces
  4271 | D:5      | Bought a scroll of magic mapping for 52 gold pieces
  4276 | D:5      | Bought a scroll of magic mapping for 52 gold pieces
  4302 | D:5      | Noticed Menkaure
  4308 | D:5      | Found a shimmering altar of Xom.
  4308 | D:5      | Found a shimmering blue altar of Sif Muna.
  4308 | D:5      | Found a bloodstained altar of Trog.
  4393 | D:5      | Found a glowing drain.
  4422 | Sewer    | Entered a sewer
  4464 | Sewer    | Reached skill level 1 in Air Magic
  4547 | Sewer    | Reached XP level 7. HP: 46/46 MP: 6/11
  4955 | D:5      | Found a blossoming altar of Fedhas.
  5217 | D:5      | Slain by Menkaure

Illustrated notes

Levels and vault maps discovered:
D:1:      dpeg_arrival_simpleton_a, layout_basic, serial_bayou_pond_c
D:2:      layout_basic, uniq_robin
D:3:      layout_basic, marbit_many_paths, lemuel_doored_altar, minivault_23
D:4:      layout_rooms, minmay_temple_entry_enclosed_plants, first_ration
D:5:      layout_basic, fedhas_altar_fruit_tree, nicolae_overflow_hidden_temple,
          serial_shops, shop, gup_sewer_entry_bowl, uniq_menkaure
Temple:   dshaligram_water_room_temple

Skill      XL: |  1  2  3  4  5  6  7 |
---------------+----------------------+-----
Conjurations   | 1 2 3 4 5 |  5.4
Fire Magic     | 1 2 |  2.0
Air Magic      | 1 |  1.5
Dodging        | |  1.7
Stealth        | |  2.4
Spellcasting   | |  3.2
Summonings     | |  1.0
Translocations | |  0.8

Action                   |  1- 3 |  4- 6 |  7- 9 || total
-------------------------+-------+-------+-------++-------
Melee: Unarmed           |     3 |       |       ||     3
       Dagger            |     5 |       |       ||     5
 Fire: Hunting sling     |       |   159 |    15 ||   174
Throw: Dart              |     8 |     5 |       ||    13
 Cast: Magic Dart        |    86 |    34 |    10 ||   130
       Mephitic Cloud    |       |    12 |       ||    12
       Conjure Flame     |       |     2 |       ||     2
 Abil: Dig               |     1 |    10 |       ||    11
  Use: Scroll            |     3 |     1 |       ||     4
 Stab: Sleeping          |     1 |       |       ||     1
  Eat: Chunk             |     5 |     8 |     3 ||    16
Armor: Robe              |     8 |     7 |       ||    15
       Animal skin       |       |     6 |     2 ||     8
Dodge: Dodged            |    16 |    56 |     2 ||    74
